 Dungeon Crawl Stone Soup version 0.22-a0-433-gd2a9cce (webtiles) character file.

638769 mortelune the Axe Maniac (level 27, -3/273 HPs)
             Began as a Minotaur Berserker on May 27, 2018.
             Was a High Priest of the Shining One.
             Slain by a deep troll (8 damage)
             ... created by the rage of Trog
             ... on level 2 of the Crypt.
             The game lasted 04:09:21 (95271 turns).

mortelune the Axe Maniac (Minotaur Berserker)      Turns: 95271, Time: 04:09:22

Health: -3/273     AC: 44    Str: 33    XL:     27
Magic:  31/31      EV: 18    Int:  6    God:    the Shining One [*****.]
Gold:   6010       SH:  6    Dex: 15    Spells: 26/26 levels left

rFire    + + +     SeeInvis .   a - +8 executioner's axe (freeze)
rCold    + + .     Gourm    .   (shield currently unavailable)
rNeg     + + +     Faith    .   R - +7 gold dragon scales
rPois    +         Spirit   .   P - -2 hat of the Alchemist {rElec rPois rF+ rC+ rN+ MR+ rMut rCorr}
rElec    +         Reflect  +   h - +1 cloak
rCorr    +         Harm     .   m - +1 pair of gloves {Str+3}
rMut     +                      L - +1 pair of boots
MR       ++++.                  x - +6 amulet of reflection
Stlth    ..........             e - ring "Utesiuv" {rF+ MR+}
HPRegen  0.55/turn              X - +3 ring of protection
MPRegen  0.22/turn

@: about to teleport, very slightly contaminated, glowing
A: retaliatory headbutt, horns 2, iridescent scales 1, agile 1
}: 4/15 runes: decaying, serpentine, silver, abyssal
a: Divine Shield, Cleansing Flame, Summon Divine Warrior, Renounce Religion


You were on level 2 of the Crypt.
You worshipped the Shining One.
The Shining One was extremely pleased with you.
You were not hungry.

You visited 10 branches of the dungeon, and saw 47 of its levels.
You visited the Abyss 1 time.
You visited 1 bazaar.
You also visited: Sewer, Ossuary, Ice Cave, Volcano and Wizlab.

You collected 9790 gold pieces.
You spent 3780 gold pieces at shops.

Inventory:

Hand Weapons
 a - a +8 executioner's axe of freezing (weapon)
 I - a +3 antimagic executioner's axe
 Q - the +9 hunting sling of Xinit {flame, rElec rN+ Int+4}
   (You found it on level 3 of the Elven Halls)

   It causes projectiles fired from it to burn those they strike, causing extra
   injury to most foes and up to half again as much damage against particularly
   susceptible opponents.
   It affects your intelligence (+4).
   It insulates you from electricity.
   It protects you from negative energy.
Missiles
 n - 24 steel javelins (quivered)
 H - 3 javelins of penetration
 K - 13 silver javelins
 S - 422 bolts
Armour
 h - a +1 cloak (worn)
 m - a +1 pair of gloves of strength (worn)
 L - a +1 pair of boots (worn)
 P - the -2 hat of the Alchemist (worn) {rElec rPois rF+ rC+ rN+ MR+ rMut rCorr}
   (You bought it in a shop on level 2 of the Orcish Mines)

   It protects you from fire.
   It protects you from cold.
   It insulates you from electricity.
   It protects you from poison.
   It protects you from negative energy.
   It affects your resistance to hostile enchantments.
   It protects you from acid and corrosion.
   It protects you from mutation.
 R - +7 gold dragon scales (worn)
Jewellery
 e - the ring "Utesiuv" (left hand) {rF+ MR+}
   (You found it on level 6 of the Lair of Beasts)

   [ring of protection from fire]

   It protects you from fire.
   It affects your resistance to hostile enchantments.
 x - a +6 amulet of reflection (around neck)
 M - a cursed ring of magical power
 X - a +3 ring of protection (right hand)
Wands
 d - a wand of enslavement (12)
 t - a wand of polymorph (53)
 C - a wand of acid (34)
 G - a wand of paralysis (54)
 U - a wand of digging (30)
Scrolls
 b - 3 scrolls of amnesia
 k - 24 scrolls of remove curse
 r - 6 scrolls of immolation
 y - 4 scrolls of holy word
 A - 17 scrolls of identify
 B - 21 scrolls of teleportation
 D - 3 scrolls of magic mapping
 E - 4 scrolls of fear
 N - 5 scrolls of blinking
 W - 2 scrolls of silence
 Y - 4 scrolls of fog
 Z - a scroll of enchant armour
Potions
 f - 4 potions of agility
 i - 5 potions of mutation
 l - 4 potions of heal wounds
 o - a potion of ambrosia
 q - 7 potions of brilliance
 s - 9 potions of might
 u - 2 potions of invisibility
 v - 7 potions of flight
 w - 27 potions of curing
 z - 4 potions of resistance
 F - 3 potions of magic
 J - 6 potions of cancellation
 O - 8 potions of haste
Miscellaneous
 g - 4 boxes of beasts
 j - a fan of gales
 p - 7 phantom mirrors
 T - a fan of gales
Comestibles
 c - 31 rations


   Skills:
 O Level 27 Fighting
 O Level 27 Axes
 + Level 8.0(13.8) Slings
   Level 2.5 Crossbows
 - Level 16.1(16.6) Throwing
 + Level 24.0 Armour
 + Level 18.1 Dodging
 * Level 5.9 Invocations
 - Level 12.0 Evocations


You had 26 spell levels left.
You didn't know any spells.
Your spell library contained the following spells:

 Spells                   Type           Power        Failure   Level  Hunger
 Freeze                   Ice            #...         96%         1    ##.....
 Statue Form              Tmut/Erth      #........    100%        6    #######
 Ice Form                 Ice/Tmut       #.......     100%        4    #####..
 Passwall                 Tmut/Erth      #.......     99%         2    ###....


Dungeon Overview and Level Annotations

Branches:
Dungeon (15/15)            Temple (1/1) D:4            Lair (6/6) D:8
  Swamp (4/4) Lair:2        Snake (4/4) Lair:3        Slime (0/5) Lair:6
    Orc (2/2) D:12            Elf (3/3) Orc:2        Vaults (5/5) D:14
  Crypt (2/3) Vaults:3     Depths (5/5) D:15            Zot (0/5) Depths:5

Altars:
Ashenzari
Cheibriados
Dithmenos
Elyvilon
Fedhas
Gozag
Kikubaaqudgha
Makhleb
Nemelex Xobeh
Okawaru
Qazlal
Ru
Sif Muna
Trog
Uskayaw
Vehumet
Wu Jian
Xom
Yredelemnul
Zin
The Shining One
Beogh

Shops:
D:9 =   D:13 }   Orc:2 [(%}?   Elf:2 !   Vaults:1 [   Vaults:5 [   Depths:4 }

Portals:
Hell: Depths:1 Depths:2 Depths:3 Depths:4 Depths:5
Abyss: Depths:4
Pandemonium: Orc:2 Depths:3
Ziggurat: Depths:1

Annotations:
Depths:2 2 exclusions


Innate Abilities, Weirdness & Mutations

You reflexively headbutt those who attack you in melee.
You have a pair of horns on your head.
You are partially covered in iridescent scales. (AC +2)
You are agile. (Dex +2)


Message History

* * * LOW HITPOINT WARNING * * *
You block the stone giant's attack.
Your divine shield fades away.
You hear a shout!
You hear a shout!
The stone giant hits you but does no damage.
The stone giant rages.
The deep troll rages.
The polar bear rages.
The stone giant hits you!!
* * * LOW HITPOINT WARNING * * *
The cyclops rages.
As you read the scroll of teleportation, it crumbles to dust.
You feel strangely unstable.
The deep troll rages.
You hear a shout!
You block the skeletal warrior's attack.
The stone giant hits you!!!
* * * LOW HITPOINT WARNING * * *
The deep troll barely misses you. You block the deep troll's attack.
The deep troll claws you!
You die... h.z.# #..............'<)) T.Th#

#.............)')))
###T#
#.#########.####)..
#.# #...# #..# #...
#.###########...#
#..# #...
#...............#
#..# #...
#.........zT....#
#..# #...
##############..#
###++###... #@.#
##..........
###CT####...........
#.zh....'...........
#..h....'...........
#z.######...........
#Ch# ##..........
#CT# ##.........
#######''##
##........
##.........##
#########


You could see a stone giant (berserk), 2 skeletal warriors, a deep troll
(berserk), 2 cyclopes, 2 polar bears, a troll and a black bear (berserk).

Vanquished Creatures
  An ancient lich (Vaults:4)
  Mara (Depths:2)
  Bai Suzhen (Depths:1)
  Saint Roka (Crypt:2)
  Vashnia (Snake:3)
  Margery (Depths:5)
  A caustic shrike (Depths:3)
  Xtahua (Vaults:4)
  7 golden dragons
  Nikola (Elf:2)
  Jory (Vaults:5)
  2 bone dragons
  9 liches
  Rupert (Orc:2)
  A hellephant (Abyss:3)
  4 tentacled monstrosities
  4 titans
  3 deep elf master archers (Elf:3)
  6 deep elf blademasters
  Frances (D:12)
  2 sphinxes
  5 tentacled starspawn
  8 shadow dragons
  2 ancient champions
  The ghost of Tovarisch the Earth Mage, an adept DEWz of Vehumet (D:15)
  12 nagarajas
  2 thorn hunters (Swamp:4)
  A storm dragon (Depths:5)
  3 daevas (Depths:4)
  Kirke (Lair:5)
  3 revenants
  Roxanne (Elf:3)
  13 tengu reavers
  13 fire giants
  9 deep elf sorcerers
  A draconian knight (Depths:5)
  12 frost giants
  A draconian scorcher (Depths:3)
  3 balrugs
  Louise (Swamp:2)
  16 vault wardens
  3 ghouls
  3 iron dragons
  3 deep elf elementalists
  2 curse skulls
  15 very ugly things
  3 draconian shifters (Depths:3)
  A draconian annihilator (Depths:5)
  A reaper (Crypt:2)
  A draconian stormcaller (Depths:3)
  3 angels (Depths:4)
  An entropy weaver (Vaults:5)
  3 spriggan defenders
  12 ironheart preservers
  A war gargoyle (Vaults:5)
  8 vampire knights
  5 deep elf demonologists
  29 stone giants
  A black draconian (Depths:5)
  10 spark wasps
  10 deep elf annihilators
  14 purple draconians
  A red draconian (Depths:5)
  A white draconian (Depths:5)
  11 ettins
  8 deep elf death magi
  2 green deaths (Snake:3)
  8 jiangshi
  9 statues (WizLab)
  A blizzard demon (Depths:1)
  10 fire dragons
  20 yaktaur captains
  Harold (Lair:3)
  Josephine (Orc:2)
  10 great orbs of eyes
  37 vault guards
  A quicksilver dragon skeleton (Crypt:1)
  7 deep elf high priests
  Erolcha (Orc:2)
  8 hydras
  A hydra (shapeshifter) (Vaults:5)
  4 ghost crabs
  15 naga warriors
  18 ice dragons
  6 spriggan air magi
  Erica (D:9)
  12 ogre magi
  3 catoblepae (Lair:6)
  7 rakshasas
  7 centaur warriors
  25 anacondas
  32 dancing weapons
  6 alligators
  9 death yaks (Lair:6)
  3 death knights
  52 two-headed ogres
  6 vampire magi
  A satyr (Abyss:3)
  A titan zombie (Vaults:4)
  14 tengu warriors
  4 deep troll earth magi
  3 orc high priests (Orc:2)
  8 spriggans
  8 thrashing horrors
  29 deep elf knights
  23 naga sharpshooters
  5 spriggan berserkers
  6 shock serpents
  16 hell knights
  A soul eater (Depths:1)
  9 wretched stars
  3 sun demons
  6 cherubim (Depths:4)
  4 sixfirhies
  8 skeletal warriors
  3 storm dragon skeletons
  2 shadow wraiths
  2 spriggan druids
  2 spatial maelstroms
  2 unseen horrors (shapeshifter)
  2 salamander mystics
  6 wizards
  8 large abominations
  A gelid demonspawn (Orc:2)
  5 glowing orange brains
  4 flayed ghosts
  3 death drakes
  6 unseen horrors
  6 swamp dragons
  14 naga ritualists
  14 deep trolls
  18 ironbrand convokers
  5 lindwurms (Depths:3)
  5 harpies (Vaults:3)
  Pikel (D:6)
  26 deep elf archers
  10 starcursed masses (Abyss:1)
  2 tengu zombies
  6 shambling mangroves
  3 sphinx zombies
  8 necromancers
  14 orc knights
  18 mana vipers
  A shadow dragon zombie (Crypt:1)
  15 phantasmal warriors
  21 ugly things
  97 deep elf magi
  9 cyclopes
  An orb spider (Abyss:2)
  An orb spider (shapeshifter) (Vaults:2)
  2 oklob plants (Depths:3)
  8 orc sorcerers
  5 wolf spiders
  9 salamanders
  2 tengu skeletons
  2 shadow dragon skeletons
  3 manticores
  4 elephants (Lair:3)
  2 worldbinders
  The ghost of TheNamelessOne the Changer, a novice OpTm (D:6)
  12 guardian serpents
  2 moths of wrath (Lair:5)
  17 naga magi
  2 apocalypse crabs
  43 black mambas
  A water nymph (shapeshifter) (Vaults:5)
  3 torpor snails
  A water nymph (Abyss:3)
  A rust devil (Depths:4)
  20 vault sentinels
  A stone giant skeleton (Abyss:1)
  7 smoke demons
  2 molten gargoyles (Volcano)
  2 ice statues (IceCv)
  2 frost giant skeletons
  An emperor scorpion zombie (Crypt:2)
  25 spiny frogs
  An alligator snapping turtle zombie (Crypt:1)
  2 orange demons
  5 spectral swamp worms (Depths:3)
  A grey draconian zombie (Crypt:1)
  8 kobold demonologists
  18 small abominations
  A yaktaur zombie (Depths:1)
  A hellion (Abyss:3)
  6 freezing wraiths
  6 swamp worm zombies (Swamp:4)
  54 yaktaurs
  5 rime drakes
  10 komodo dragons
  A yaktaur (shapeshifter) (Depths:2)
  A tormentor (Abyss:2)
  7 ancient zymes
  A yaktaur skeleton (Depths:1)
  4 hellwings
  5 ice devils
  2 polar bears
  2 sea snake skeletons
  6 tengu conjurers
  A queen bee (Lair:1)
  6 red devils
  4 hydra zombies (Swamp:4)
  A polar bear (shapeshifter) (Vaults:2)
  A jumping spider (shapeshifter) (Depths:2)
  10 trolls
  22 tyrant leeches
  A blink frog (shapeshifter) (Depths:1)
  16 hornets
  A troll (shapeshifter) (Depths:1)
  A hornet (shapeshifter) (Vaults:2)
  9 bog bodies
  42 slime creatures
  7 blink frogs (Lair:4)
  A fire giant simulacrum (Vaults:3)
  3 alligator zombies (Swamp:4)
  9 hippogriffs
  A meliai zombie (Crypt:2)
  9 raiju
  4 spectral swamp dragons (Swamp:4)
  A fire dragon zombie (Abyss:3)
  A centaur simulacrum (D:15)
  2 redbacks (Vaults:5)
  A redback (shapeshifter) (Depths:5)
  A vampire (D:15)
  47 yaks
  A dire elephant simulacrum (Abyss:2)
  6 flying skulls
  3 water elementals
  3 ettin skeletons (Crypt:1)
  3 shadows
  The ghost of Gorglomux the Skirmisher, an amateur SpBe of Dithmenos (D:7)
  2 air elementals (Elf:1)
  3 hogs (Lair:5)
  2 spriggans (shapeshifter) (Depths:2)
  10 wraiths
  A fire bat (Volcano)
  A basilisk (shapeshifter) (Elf:3)
  3 ynoxinuls
  A golden eye (shapeshifter) (D:15)
  2 basilisks
  2 neqoxecs
  23 vampire mosquitoes
  3 fire elementals
  A human simulacrum (Vaults:2)
  A hungry ghost (D:5)
  6 wargs
  19 insubstantial wisps
  64 nagas
  A soldier ant (shapeshifter) (Depths:2)
  A water nymph zombie (Crypt:2)
  A swamp worm (shapeshifter) (D:14)
  18 swamp worms
  A spatial vortex (Abyss:1)
  3 soldier ants
  13 water moccasins
  2 acid dragons
  2 floating eyes
  8 hell hounds
  7 black bears
  A merfolk skeleton (Crypt:1)
  13 porcupines
  An alligator simulacrum (Crypt:1)
  26 ice beasts
  A porcupine (shapeshifter) (Vaults:4)
  A black bear (shapeshifter) (Depths:2)
  3 swamp drakes
  An ettin simulacrum (Crypt:2)
  45 orc warriors
  An eye of draining (shapeshifter) (Vaults:4)
  A necrophage (D:14)
  5 phantoms
  A spiny frog skeleton (Crypt:1)
  The ghost of Eptagon the Vexing, an amateur TrEn (D:3)
  A sky beast (D:7)
  32 ogres
  2 swamp dragon zombies (Swamp:4)
  19 wolves
  2 boggarts (Depths:2)
  A boggart (shapeshifter) (Vaults:1)
  12 centaurs
  15 crocodiles
  2 orc skeletons
  3 big kobolds
  19 bullfrogs
  A gnoll sergeant (D:9)
  2 earth elementals
  6 scorpions
  A yak zombie (Crypt:1)
  26 killer bees
  12 wights
  A howler monkey (D:5)
  2 electric eels
  2 bullfrog zombies
  8 jellies
  A yak skeleton (Crypt:1)
  20 crimson imps
  4 lava snakes (Volcano)
  A quasit (Abyss:1)
  7 centaur zombies
  29 orc priests
  5 hounds
  25 orc wizards
  8 centaur skeletons
  A gnoll shaman (D:5)
  An iron imp (Abyss:2)
  A bullfrog skeleton (D:9)
  4 iguanas
  12 hell rats
  8 worker ants
  3 big kobold zombies (Ossuary)
  A deep dwarf skeleton (Crypt:2)
  A dwarf skeleton (Crypt:1)
  A hound skeleton (D:4)
  A hound zombie (D:8)
  7 mummies
  A worker ant zombie (D:7)
  2 howler monkey skeletons
  12 gnolls
  19 adders
  4 swamp drake zombies (Swamp:4)
  A swamp drake skeleton (Crypt:2)
  3 shadow imps
  7 white imps
  2 ufetubi
  2 oozes
  An iguana zombie (Crypt:1)
  2 adder skeletons
  2 adder zombies
  5 worms
  2 dart slugs
  4 leopard geckos
  106 orcs
  13 giant cockroaches
  10 goblins
  6 hobgoblins
  3 jackals (D:1)
  26 kobolds
  4 quokkas
  3 ball pythons
  7 bats
  10 frilled lizards
  2 hobgoblin zombies (Ossuary)
  A kobold zombie (D:4)
  3 leopard gecko skeletons
  An orc zombie (D:4)
  A quokka zombie (D:9)
  9 rats
  8 bushes (Depths:3)
  2 crawling corpses
  5 fungi
  4 plants
  3 starspawn tentacles
2575 creatures vanquished.

Vanquished Creatures (collateral kills)
  Sojobo (Depths:2)
  A deep elf blademaster (Abyss:3)
  A deep elf master archer (Elf:3)
  The ghost of Slunt the Impaler, an adept MfCK of Xom (Snake:4)
  Donald (Swamp:4)
  A daeva (Abyss:2)
  A deep elf sorcerer (Abyss:3)
  Aizul (Snake:3)
  A deep elf elementalist (Elf:3)
  A deep elf annihilator (Elf:3)
  The ghost of torrenera the Grappler, a journeyman TrMo of Makhleb (D:10)
  3 yaktaur captains
  2 deep elf high priests (Elf:3)
  A small abomination (Vaults:5)
  An ice dragon (Depths:2)
  A large abomination (Vaults:5)
  3 orc high priests (Orc:2)
  2 thrashing horrors (Abyss:3)
  A naga sharpshooter (Snake:3)
  2 deep elf knights
  3 hell knights (Depths:5)
  A spatial maelstrom (Abyss:2)
  An infernal demonspawn (Orc:2)
  A deep elf archer (Elf:1)
  A necromancer (Depths:5)
  An orc knight (Orc:2)
  6 deep elf magi
  A salamander (Snake:2)
  An ugly thing (D:12)
  A black mamba (Snake:3)
  A naga mage (Snake:2)
  2 yaktaurs (Vaults:4)
  A hornet (Abyss:3)
  A bog body (Swamp:4)
  A naga (Snake:3)
  2 insubstantial wisps (Swamp:4)
  2 orc warriors (Orc:2)
  3 starcursed masses (Abyss:3)
  An ice beast (D:12)
  An eye of draining (Abyss:3)
  An ogre (Depths:3)
  A swamp dragon zombie (Swamp:4)
  A phantom (Swamp:4)
  A bullfrog (D:10)
  4 killer bees (D:10)
  A jelly (D:10)
  An orc priest (D:10)
  A white imp (Abyss:2)
  3 orcs (D:10)
  2 crawling corpses (Elf:3)
75 creatures vanquished.

Vanquished Creatures (others)
  Asterion (Elf:1)
  A stone giant (Vaults:2)
  A spriggan druid (Swamp:3)
  A deep elf archer (Vaults:2)
  A naga mage (Snake:3)
  A black mamba (Snake:4)
  A spiny frog (Swamp:3)
  A yaktaur (Vaults:5)
  2 hornets (Swamp:2)
  2 spriggans (Swamp:2)
  A water elemental (Abyss:3)
  2 insubstantial wisps (Swamp:4)
  A slave (D:7)
  A crocodile (Lair:6)
  A hell rat (Lair:6)
  A worker ant (D:7)
  A white imp (Depths:1)
  2 bushes (Depths:3)
  13 fungi
  19 plants
  6 starspawn tentacles
60 creatures vanquished.

Grand Total: 2710 creatures vanquished

Notes
Turn   | Place    | Note
-------+----------+-------------------------------------------
     0 | D:1      | mortelune the Minotaur Berserker began the quest for the Orb.
     0 | D:1      | Reached XP level 1. HP: 19/19 MP: 0/0
   145 | D:1      | Reached XP level 2. HP: 25/27 MP: 1/1
   639 | D:1      | Reached ** piety under Trog
   639 | D:1      | Reached XP level 3. HP: 33/33 MP: 2/2
  1136 | D:2      | Reached skill level 5 in Axes
  1136 | D:2      | Reached XP level 4. HP: 41/41 MP: 3/3
  1139 | D:2      | Reached XP level 5. HP: 41/47 MP: 4/4
  1246 | D:2      | Found a shadowy altar of Dithmenos.
  1248 | D:2      | Found a basalt altar of Yredelemnul.
  1619 | D:2      | Reached *** piety under Trog
  1823 | D:3      | Found an iron altar of Okawaru.
  1842 | D:3      | Reached skill level 5 in Fighting
  1899 | D:3      | Noticed Eptagon's ghost (amateur TrEn)
  1902 | D:3      | Found a glowing drain.
  1911 | Sewer    | Entered a sewer
  2112 | Sewer    | Reached XP level 6. HP: 56/56 MP: 5/5
  2502 | D:3      | Killed Eptagon's ghost
  3119 | D:2      | Found a snail-covered altar of Cheibriados.
  3119 | D:2      | Found a hide-covered altar of Uskayaw.
  3309 | D:4      | Found a sand-covered staircase.
  3554 | Ossuary  | Entered an ossuary
  3560 | Ossuary  | Reached XP level 7. HP: 61/61 MP: 6/6
  3581 | Ossuary  | Reached skill level 5 in Armour
  3641 | Ossuary  | Reached **** piety under Trog
  4075 | D:4      | Found a staircase to the Ecumenical Temple.
  4488 | D:4      | Found a shattered altar of Ashenzari.
  5013 | D:5      | Entered Level 5 of the Dungeon
  5071 | D:5      | Reached XP level 8. HP: 55/71 MP: 5/7
  5377 | D:6      | Noticed TheNamelessOne's ghost (novice OpTm)
  5388 | D:6      | Killed TheNamelessOne's ghost
  5409 | D:5      | Reached skill level 10 in Axes
  5611 | D:5      | Reached XP level 9. HP: 81/81 MP: 8/8
  6132 | D:6      | Noticed Pikel
  6141 | D:6      | Killed Pikel
  6338 | D:6      | Reached ***** piety under Trog
  6710 | D:7      | Noticed Gorglomux's ghost (amateur SpBe)
  6716 | D:7      | Killed Gorglomux's ghost
  6923 | D:7      | Reached XP level 10. HP: 84/91 MP: 7/9
  7713 | D:8      | Reached skill level 1 in Throwing
  7965 | D:8      | Reached skill level 10 in Fighting
  7980 | D:8      | Found a staircase to the Lair.
  8446 | D:8      | Reached skill level 10 in Armour
  8636 | D:8      | Received a gift from Trog
  8955 | D:8      | Found a radiant altar of Vehumet.
  8956 | D:8      | Found a burning altar of Makhleb.
  9072 | D:9      | Noticed Erica
  9079 | D:9      | Killed Erica
  9079 | D:9      | Reached XP level 11. HP: 99/101 MP: 10/10
  9607 | D:9      | Found Lott's Jewellery Shoppe.
  9611 | D:9      | Bought an uncursed ring of see invisible for 195 gold pieces
  9680 | D:9      | Found the +0 sword of Power
  9886 | D:10     | Entered Level 10 of the Dungeon
  9950 | D:10     | Noticed a two-headed ogre
  9956 | D:10     | Killed a two-headed ogre
  9974 | D:10     | Reached skill level 5 in Throwing
 10113 | D:10     | Received a gift from Trog
 10255 | D:10     | Noticed torrenera's ghost (journeyman TrMo)
 10261 | D:10     | Killed torrenera's ghost
 10540 | D:11     | Received a gift from Trog
 10541 | D:11     | Noticed a two-headed ogre
 10708 | D:11     | Noticed a two-headed ogre
 10713 | D:11     | Killed a two-headed ogre
 10914 | D:11     | Noticed a sixfirhy
 11167 | D:11     | Killed a two-headed ogre
 11167 | D:11     | Reached XP level 12. HP: 112/112 MP: 11/11
 12356 | D:12     | Found a blossoming altar of Fedhas.
 12581 | D:12     | Found a staircase to the Orcish Mines.
 12704 | D:12     | Noticed Frances
 12719 | D:12     | Killed Frances
 13361 | D:12     | Reached skill level 15 in Axes
 13554 | Lair:1   | Entered Level 1 of the Lair of Beasts
 14067 | Lair:1   | Received a gift from Trog
 14655 | Lair:1   | Got a dazzling hand axe
 14656 | Lair:1   | Identified the +3 hand axe "Fibbol" {antimagic, rC+ Int+9} (You found it on level 1 of the Lair of Beasts)
 15306 | Lair:2   | Found a staircase to the Swamp.
 15605 | Lair:2   | Reached XP level 13. HP: 101/122 MP: 9/12
 16075 | Lair:2   | Received a gift from Trog
 17586 | Lair:3   | Noticed Harold
 17599 | Lair:3   | Killed Harold
 17754 | Lair:3   | Found a staircase to the Snake Pit.
 20592 | Lair:5   | Identified Cigotuvi's Reference Book on Unstable Evil
 20610 | Lair:5   | Noticed Kirke
 20623 | Lair:5   | Killed Kirke
 21079 | Lair:5   | Got a spiked plate armour
 21090 | Lair:5   | Identified the +6 plate armour "Amysaqoe" {rElec rC+ MR- Dex+4} (You found it on level 5 of the Lair of Beasts)
 21106 | Lair:5   | Reached XP level 14. HP: 112/133 MP: 11/13
 21690 | Lair:6   | Entered Level 6 of the Lair of Beasts
 21699 | Lair:6   | Reached skill level 10 in Throwing
 22349 | Lair:6   | Received a gift from Trog
 22423 | Lair:6   | Reached skill level 15 in Fighting
 22544 | Lair:6   | Received a gift from Trog
 22664 | Lair:6   | Got a smoking jade ring
 22665 | Lair:6   | Identified the ring "Utesiuv" {rF+ MR+} (You found it on level 6 of the Lair of Beasts)
 22676 | Lair:6   | Got a dazzling triple crossbow
 22680 | Lair:6   | Identified the +8 triple crossbow of Moovim {speed, Int+3} (You found it on level 6 of the Lair of Beasts)
 22949 | Lair:6   | Found a staircase to the Slime Pits.
 24539 | D:13     | Found Pymu's Gadget Boutique.
 24543 | D:13     | Bought a wand of acid (6) for 240 gold pieces
 24601 | D:13     | Reached skill level 15 in Armour
 25058 | Orc:1    | Entered Level 1 of the Orcish Mines
 25078 | Orc:1    | Received a gift from Trog
 25090 | Orc:1    | Noticed a stone giant
 25101 | Orc:1    | Killed a stone giant
 25121 | Orc:1    | Found a dark tunnel.
 25130 | Volcano  | Entered a volcano
 25270 | Volcano  | Received a gift from Trog
 25304 | Volcano  | Found a bloodstained altar of Trog.
 25567 | Orc:1    | Received a gift from Trog
 25579 | Orc:1    | Found a frozen archway.
 25594 | IceCv    | Entered an ice cave
 25912 | IceCv    | Got a wavering bronze ring
 25914 | IceCv    | Identified the ring of Fouxawn {+Fly rC+ Str+3 Int+5 Dex-2} (You found it in an ice cave)
 26161 | Orc:1    | Reached XP level 15. HP: 145/145 MP: 14/14
 26224 | Orc:1    | Found a bloodstained altar of Trog.
 26256 | Orc:1    | Received a gift from Trog
 26674 | Orc:2    | Entered Level 2 of the Orcish Mines
 26716 | Orc:2    | Found a roughly hewn altar of Beogh.
 27038 | Orc:2    | Found Tolydghu's Magic Scroll Emporium.
 27043 | Orc:2    | Found Vablao's Food Shoppe.
 27044 | Orc:2    | Received a gift from Trog
 27060 | Orc:2    | Received a gift from Trog
 27206 | Orc:2    | Bought a scroll of enchant weapon for 97 gold pieces
 27206 | Orc:2    | Bought a scroll of blinking for 97 gold pieces
 27206 | Orc:2    | Bought a scroll of teleportation for 39 gold pieces
 27206 | Orc:2    | Bought a scroll of teleportation for 39 gold pieces
 28040 | Orc:2    | Found Impu Ifo's Gadget Boutique.
 28040 | Orc:2    | Found Ymerreull's Antique Weapon Shop.
 28041 | Orc:2    | Found a one-way gate leading to the halls of Pandemonium.
 28050 | Orc:2    | Bought a phantom mirror for 510 gold pieces
 28050 | Orc:2    | Bought a box of beasts for 340 gold pieces
 28110 | Orc:2    | Noticed Josephine
 28119 | Orc:2    | Killed Josephine
 28120 | Orc:2    | Found Momoh's Armour Emporium.
 28149 | Orc:2    | Noticed Erolcha
 28156 | Orc:2    | Killed Erolcha
 28394 | Orc:2    | Bought the -2 hat of the Alchemist {rElec rPois rF+ rC+ rN+ MR+ rMut rCorr} for 472 gold pieces
 28394 | Orc:2    | Found the -2 hat of the Alchemist {rElec rPois rF+ rC+ rN+ MR+ rMut rCorr}
 28544 | Orc:2    | Found a staircase to the Elven Halls.
 28712 | Orc:2    | Noticed Rupert
 28720 | Orc:2    | Killed Rupert
 29258 | D:14     | Received a gift from Trog
 29451 | D:14     | Found a gateway to a bazaar.
 29458 | Bazaar   | Entered a bazaar
 29473 | Bazaar   | Found Zuityseqo's Armour Emporium.
 29473 | Bazaar   | Found Adiugen's Magic Scroll Shoppe.
 29498 | Bazaar   | Found Urumuiw's Food Shoppe.
 29523 | Bazaar   | Found Orchout's Gadget Shoppe.
 29619 | Bazaar   | Bought a scroll of teleportation for 48 gold pieces
 29619 | Bazaar   | Bought a scroll of fog for 32 gold pieces
 29619 | Bazaar   | Bought a scroll of teleportation for 48 gold pieces
 29619 | Bazaar   | Bought a scroll of summoning for 152 gold pieces
 29619 | Bazaar   | Bought a scroll of teleportation for 48 gold pieces
 29888 | D:14     | Found a gate to the Vaults.
 29964 | D:14     | Noticed a tengu reaver
 29979 | D:14     | Killed a tengu reaver
 29982 | D:14     | Received a gift from Trog
 30314 | D:15     | Entered Level 15 of the Dungeon
 31128 | D:15     | Received a gift from Trog
 31221 | D:15     | Noticed Tovarisch's ghost (adept DEWz)
 31235 | D:15     | Killed Tovarisch's ghost
 31358 | D:15     | Found a staircase to the Depths.
 31933 | Snake:1  | Entered Level 1 of the Snake Pit
 31940 | Snake:1  | Reached XP level 16. HP: 116/157 MP: 11/15
 33716 | Snake:1  | Received a gift from Trog
 34732 | Snake:2  | Received a gift from Trog
 35441 | Snake:2  | Got a sparkling copper ring
 35443 | Snake:2  | Identified the ring of a Billion Songs {rElec rF+ Stlth+} (You found it on level 2 of the Snake Pit)
 36806 | Snake:3  | Noticed Aizul
 36825 | Snake:3  | Killed Aizul
 37588 | Snake:3  | Received a gift from Trog
 38424 | Snake:3  | Reached XP level 17. HP: 166/166 MP: 13/16
 38777 | Snake:3  | Received a gift from Trog
 38812 | Snake:3  | Found a runed door.
 38820 | Snake:3  | Noticed Vashnia
 38856 | Snake:3  | Killed Vashnia
 39869 | Snake:3  | Reached skill level 5 in Dodging
 39910 | Snake:3  | Got a translucent turquoise ring
 39914 | Snake:3  | Identified the ring "Kuapn" {rF++ rN+ Str+4 Int+6} (You found it on level 3 of the Snake Pit)
 40006 | Snake:4  | Entered Level 4 of the Snake Pit
 40642 | Snake:4  | Received a gift from Trog
 40851 | Snake:4  | Noticed Slunt's ghost (adept MfCK)
 43339 | Snake:4  | Killed Slunt's ghost
 43556 | Snake:4  | Reached XP level 18. HP: 85/178 MP: 9/17
 44193 | Snake:4  | Received a gift from Trog
 44419 | Snake:4  | Received a gift from Trog
 44419 | Snake:4  | Reached skill level 10 in Dodging
 44991 | Snake:4  | Got a serpentine rune of Zot
 45280 | Swamp:1  | Entered Level 1 of the Swamp
 46150 | Swamp:1  | Reached skill level 1 in Evocations
 46715 | Swamp:2  | Noticed Louise
 46727 | Swamp:2  | Killed Louise
 46727 | Swamp:2  | Received a gift from Trog
 48660 | Swamp:4  | Entered Level 4 of the Swamp
 48879 | Swamp:4  | Noticed Donald
 48888 | Swamp:4  | Killed Donald
 48896 | Swamp:4  | Received a gift from Trog
 50603 | Swamp:4  | Noticed a bone dragon
 50614 | Swamp:4  | Killed a bone dragon
 50614 | Swamp:4  | Reached XP level 19. HP: 53/186 MP: 9/21
 50969 | Swamp:4  | Got a decaying rune of Zot
 51224 | Depths:1 | Entered Level 1 of the Depths
 51539 | Depths:1 | Received a gift from Trog
 51704 | Depths:1 | Found a gateway to a ziggurat.
 51704 | Depths:1 | Noticed Bai Suzhen
 51730 | Depths:1 | Killed Bai Suzhen
 52360 | Depths:1 | Reached skill level 5 in Evocations
 52976 | Depths:1 | Found a gateway to Hell.
 53009 | Depths:1 | Received a gift from Trog
 53412 | Depths:1 | Received a gift from Trog
 53847 | Depths:2 | Received a gift from Trog
 54384 | Depths:2 | Noticed Sojobo
 54389 | Depths:2 | Found a bloodstained altar of Trog.
 54402 | Depths:2 | Found a blossoming altar of Fedhas.
 54845 | Depths:2 | Found a shadowy altar of Dithmenos.
 55073 | Depths:2 | Killed Sojobo
 55393 | Depths:2 | Noticed Mara
 55413 | Depths:2 | Noticed mortelune's illusion
 56062 | Depths:2 | Reached XP level 20. HP: 139/198 MP: 14/23
 57273 | Depths:2 | Noticed a golden dragon
 57289 | Depths:2 | Killed a golden dragon
 57297 | Depths:2 | Received a gift from Trog
 58141 | Depths:2 | Reached skill level 15 in Throwing
 59396 | Depths:3 | Noticed a caustic shrike
 59402 | Depths:3 | Killed a caustic shrike
 60552 | Depths:3 | Noticed a golden dragon
 60569 | Depths:3 | Killed a golden dragon
 60656 | Depths:3 | Identified Remun's Incunabulum of the Rocks
 60974 | Vaults:1 | Entered Level 1 of the Vaults
 61032 | Vaults:1 | Received a gift from Trog
 61037 | Vaults:1 | Reached XP level 21. HP: 203/203 MP: 21/26
 62383 | Vaults:1 | Received a gift from Trog
 62513 | Vaults:1 | Found Lotetar's Antique Armour Boutique.
 63104 | Vaults:2 | Received a gift from Trog
 63870 | Vaults:2 | Received a gift from Trog
 63914 | Vaults:2 | Reached ****** piety under Trog
 64473 | Vaults:2 | Got a pitted brass amulet
 64474 | Vaults:2 | Identified the amulet "Losmu Okos" {Harm *Drain rElec rPois Str+4} (You found it on level 2 of the Vaults)
 64629 | Vaults:2 | Received a gift from Trog
 64874 | Vaults:2 | Received a gift from Trog
 65113 | Vaults:3 | Reached skill level 10 in Evocations
 65278 | Vaults:3 | Found a magical portal.
 65285 | WizLab   | Entered Iskenderun's Mystic Tower
 65712 | WizLab   | Received a gift from Trog
 66090 | WizLab   | Reached XP level 22. HP: 214/214 MP: 28/28
 67451 | WizLab   | Identified Sif Muna's Grimoire of Fascination
 67469 | WizLab   | Identified Iskenderun's Incunabulum of Conjuration
 67469 | WizLab   | Identified Iskenderun's Reference Book on Battle Magic
 68689 | Vaults:3 | Found a staircase to the Crypt.
 69546 | Vaults:3 | Received a gift from Trog
 69957 | Vaults:3 | Received a gift from Trog
 70203 | Vaults:4 | Noticed Xtahua
 70217 | Vaults:4 | Killed Xtahua
 71060 | Vaults:4 | Got a coiled iron amulet
 71061 | Vaults:4 | Identified the amulet of Recklessness {Regen+ Dex+4} (You found it on level 4 of the Vaults)
 71891 | Vaults:4 | Received a gift from Trog
 72232 | Vaults:4 | Noticed an ancient lich
 72243 | Vaults:4 | Killed an ancient lich
 72277 | Vaults:4 | Reached XP level 23. HP: 142/224 MP: 30/30
 73183 | Vaults:4 | Got a scorched lapis lazuli ring
 73184 | Vaults:4 | Identified a ring "Inaimytz" {rN+ Int+3 Stlth-} (You found it on level 4 of the Vaults)
 73662 | Depths:4 | Paralysed by a floating eye for 2 turns
 74106 | Depths:4 | Received a gift from Trog
 74433 | Depths:4 | Found Ygamip's Gadget Shoppe.
 74437 | Depths:4 | Bought a phantom mirror for 570 gold pieces
 74437 | Depths:4 | Bought a wand of acid (7) for 418 gold pieces
 74647 | Depths:4 | Received a gift from Trog
 74648 | Depths:4 | Found a one-way gate to the infinite horrors of the Abyss.
 75049 | Depths:4 | You fall through a shaft!
 75049 | Depths:5 | Entered Level 5 of the Depths
 75070 | Depths:5 | Paralysed by a floating eye for 2 turns
 76198 | Depths:4 | Found a glowing silver altar of Zin.
 77204 | Depths:5 | Received a gift from Trog
 77485 | Depths:5 | Noticed Margery
 77493 | Depths:5 | Received a gift from Trog
 77501 | Depths:5 | Killed Margery
 78757 | Depths:5 | Received a gift from Trog
 79122 | Depths:5 | Found a gate to the Realm of Zot.
 79424 | Depths:2 | Noticed mortelune's illusion
 79448 | Depths:2 | Killed Mara
 79448 | Depths:2 | Reached XP level 24. HP: 128/235 MP: 31/31
 79965 | Elf:1    | Entered Level 1 of the Elven Halls
 80071 | Elf:1    | Noticed Asterion
 80082 | Elf:1    | Killed Asterion
 80864 | Elf:1    | Found a deep blue altar of Sif Muna.
 81499 | Elf:2    | Found Ublikirr's Distillery.
 81510 | Elf:2    | Bought a potion of haste for 150 gold pieces
 81510 | Elf:2    | Bought a potion of curing for 45 gold pieces
 81510 | Elf:2    | Bought a potion of heal wounds for 75 gold pieces
 81510 | Elf:2    | Bought a potion of agility for 60 gold pieces
 81510 | Elf:2    | Bought a potion of agility for 60 gold pieces
 81510 | Elf:2    | Bought a potion of curing for 45 gold pieces
 81638 | Elf:2    | Received a gift from Trog
 81671 | Elf:2    | Noticed Nikola
 81704 | Elf:2    | Killed Nikola
 81796 | Elf:2    | Found a runed gate.
 81796 | Elf:2    | Found a runed gate.
 81797 | Elf:2    | Found a runed gate.
 82234 | Elf:2    | Received a gift from Trog
 82234 | Elf:2    | Reached skill level 15 in Dodging
 82859 | Elf:3    | Entered Level 3 of the Elven Halls
 82884 | Elf:3    | Received a gift from Trog
 82889 | Elf:3    | Noticed Roxanne
 83268 | Elf:3    | Killed Roxanne
 83474 | Elf:3    | Received a gift from Trog
 83852 | Elf:3    | Got an ichor-stained hat
 83853 | Elf:3    | Identified the +2 hat of the Armoured One {rElec Str+2} (You found it on level 3 of the Elven Halls)
 84981 | Elf:3    | Received a gift from Trog
 85680 | Elf:3    | Reached XP level 25. HP: 247/247 MP: 31/31
 85688 | Elf:3    | Found the +7 longbow "Piercer" {penet, EV-2}
 85708 | Elf:3    | Got a fine lead ring
 85709 | Elf:3    | Identified the ring "Xoepiar" {*Tele MR+ MP+9 Str+3} (You found it on level 3 of the Elven Halls)
 85773 | Elf:3    | Identified Sif Muna's Reference Book on Excruciating Hexes
 85801 | Elf:3    | Got a transparent hunting sling
 85802 | Elf:3    | Identified the +9 hunting sling of Xinit {flame, rElec rN+ Int+4} (You found it on level 3 of the Elven Halls)
 86415 | Vaults:5 | Entered Level 5 of the Vaults
 86425 | Vaults:5 | Noticed Jory
 86448 | Vaults:5 | Received a gift from Trog
 86505 | Vaults:5 | Received a gift from Trog
 87026 | Vaults:5 | Found Urchi's Armour Boutique.
 87059 | Vaults:5 | Killed Jory
 87273 | Vaults:5 | Received a gift from Trog
 88037 | Vaults:5 | Got a silver rune of Zot
 88087 | Vaults:5 | Received a gift from Trog
 88729 | Vaults:5 | Identified the Collected Works on the Floating Blaze
 88807 | Vaults:5 | Identified Amaimang's Collected Works on Dusty Transmigration
 88863 | Vaults:5 | Identified a scroll of acquirement
 88865 | Vaults:5 | Reached skill level 27 in Axes
 89184 | Vaults:5 | Reached XP level 26. HP: 264/264 MP: 31/31
 89664 | Vaults:5 | Got an encrusted triple sword {slice}
 89668 | Vaults:5 | Received a gift from Trog
 89674 | Vaults:5 | Identified the +3 triple sword of Fabu {slice, SInv} (You took it off a frost giant on level 5 of the Vaults)
 90548 | Depths:4 | Voluntarily entered the Abyss.
 90662 | Abyss:1  | Reached skill level 1 in Crossbows
 90904 | Abyss:1  | Received a gift from Trog
 91093 | Abyss:1  | Reached skill level 27 in Fighting
 91093 | Abyss:1  | Reached skill level 1 in Slings
 91194 | Abyss:1  | Found a bloodstained altar of Trog.
 91350 | Abyss:2  | Found a corrupted altar of Lugonu.
 91357 | Abyss:2  | Found a corrupted altar of Lugonu.
 91843 | Abyss:3  | Received a gift from Trog
 91900 | Abyss:3  | Got an abyssal rune of Zot
 92119 | Abyss:3  | Reached skill level 5 in Slings
 92373 | Abyss:3  | Gained mutation: Your body sometimes deteriorates upon taking damage. [a neqoxec]
 92413 | Abyss:3  | Received a gift from Trog
 92523 | Depths:4 | Escaped the Abyss
 92948 | Depths:4 | Lost mutation: Your body sometimes deteriorates upon taking damage. [potion of mutation]
 92948 | Depths:4 | Gained mutation: You are agile. (Dex +2) [potion of mutation]
 92948 | Depths:4 | Gained mutation: You are partially covered in iridescent scales. (AC +2) [potion of mutation]
 93368 | Temple   | Entered the Ecumenical Temple
 93566 | Temple   | Fell from the grace of Trog
 93566 | Temple   | Became a worshipper of the Shining One
 93863 | Crypt:1  | Entered Level 1 of the Crypt
 93879 | Crypt:1  | Reached skill level 1 in Invocations
 93902 | Crypt:1  | Reached * piety under the Shining One
 93995 | Crypt:1  | Reached ** piety under the Shining One
 94162 | Crypt:1  | Reached *** piety under the Shining One
 94368 | Crypt:1  | Identified Sif Muna's Grimoire of Glacial Shape Shifting
 94458 | Crypt:1  | Reached **** piety under the Shining One
 94788 | Crypt:2  | Reached ***** piety under the Shining One
 94898 | Crypt:2  | Reached skill level 5 in Invocations
 95003 | Crypt:2  | Noticed Saint Roka
 95027 | Crypt:2  | Killed Saint Roka
 95027 | Crypt:2  | Reached XP level 27. HP: 223/273 MP: 31/31
 95271 | Crypt:2  | HP: 5/273 [stone giant[the rage of Trog] (47)]
 95271 | Crypt:2  | Slain by a deep troll

Vault maps used:
D:1:      minmay_arrival_semitransparent
D:2:      nicolae_overflow_hidden_temple
D:3:      old_standard_altar, cheibrodos_sewer_entry_bend, skrybe_limestone_x,
          minmay_misc_feat_enclosed, grunt_ministairs_15
D:4:      nicolae_ashenzari_panopticon, minmay_temple_entry_butterflies,
          first_ration, nicolae_ossuary_entry_giza, serial_park_tiny_1,
          minivault_26
D:6:      uniq_pikel
D:8:      grunt_temple_overflow_lords_of_destruction, minmay_lair_entry_grove
D:9:      serial_shops, shop, hangedman_pestilent_swarm,
          hangedman_abyss_or_decor_stabs, st_stairs_10, minmay_holes, uniq_erica
D:10:     minmay_misc_feat_nine_boxes
D:12:     minmay_orc_entry_guard_dogs, fedhas_altar_3, uniq_frances
D:13:     serial_shops, nicolae_shop_behind_doors
D:14:     hourglass_vault, david_vaults_4, serial_shops, bzr_entry_safe,
          minivault_24, minivault_4
D:15:     grunt_enter_depths_hoard, minmay_misc_feat_four_crosses
Temple:   minmay_temple_curvy_branch
Lair:1:   beast_lair_carwin_large_2, special_room, serial_bayou_crossing,
          lemuel_fruit_tree
Lair:2:   nicolae_swamp_entry_splash_gauntlet, serial_bayou_lagoon_a,
          beast_lair_carwin_3
Lair:3:   guppyfry_snake_entry_island, uniq_harold
Lair:5:   worms_lemuel, grunt_megastairs_1, serial_bayou_shore_a, uniq_kirke
Lair:6:   evilmike_catoblepas_cave, nicolae_slime_entry_slimehenge,
          serial_bayou_pond_e, st_stairs_5
Swamp:1:  nicolae_swamp_treefoil
Swamp:2:  serial_swamp_ruin, evilmike_swamp_ruin_house_6,
          evilmike_swamp_ruin_rubble_1, uniq_louise
Swamp:3:  evilmike_swamp_ruin_wall
Swamp:4:  swamp_pestilence, uniq_donald
Snake:2:  grunt_ministairs_13, uniq_aizul
Snake:3:  cheibrodos_toxic_ritual, uniq_vashnia
Snake:4:  grunt_snake_rune_serpentine_throne
Orc:1:    nicolae_volcano_entry_lava_flow, portal_ice_cave_entry_ice_beasts,
          trog_butcher_becter
Orc:2:    pf_orc_diabolical, serial_shops, shop, basic_altar, uniq_erolcha,
          uniq_rupert, uniq_josephine
Elf:1:    elf_arrival_002, basic_altar, minmay_elf_crystal_heptagon,
          uniq_asterion
Elf:2:    serial_shops, nicolae_shop_stone, uniq_nikola
Elf:3:    minmay_elf_hall, kb_rosetta, uniq_roxanne
Vaults:1: v_misc_5, vaults_mumra_minichess_inversion,
          nicolae_vaults_circle_grid_b, nicolae_vaults_ring_of_whatevers,
          v_rooms_6, grunt_vaults_funnel, vaults_mumra_chevron,
          dpeg_vaults_monster_box, v_misc_27, serial_shops, shop
Vaults:2: nicolae_vaults_specimen_jars, nicolae_vaults_big_angled_halls,
          v_misc_32, nicolae_vaults_asterisk, nicolae_vaults_network_periphery,
          nicolae_vaults_network_star, hangedman_vaults_nails,
          vaults_dpeg_diagonal, vaults_room_corners, hangedman_vaults_slice,
          grunt_vaults_hallway_short, ontoclasm_vaults_pinch
Vaults:3: nicolae_vaults_network_quinsquares, nicolae_vaults_rhombus_6,
          vaults_room_large_hall, v_misc_2, hangedman_vaults_corner,
          nicolae_vaults_network_s, vaults_standard_mumra_enter_the_diamond,
          vaults_room_fours, minmay_crypt_entry_simple_box, mu_enter_wizlab_1
Vaults:4: st_greater_box_5, v_misc_12, nicolae_vaults_network_quincunx,
          vaults_room_stairs_pillars, ontoclasm_vaults_decontamination,
          grunt_vaults_twisty, v_misc_4, uniq_xtahua
Vaults:5: serial_shops, uniq_jory
Crypt:1:  eino_tiny_chamber, basic_loot_grate_trap
Crypt:2:  uniq_saint_roka
Depths:1: enter_ziggurat_a, hellmouth_3, minmay_fire_ice_demons, uniq_bai_suzhen
Depths:2: hangedman_slaughterboxes, hell_entry, uniq_mara, uniq_sojobo
Depths:3: gold_lair_mu, pf_hell_entry_tar_river, minmay_hedge_maze,
          rand_demon_pan_entry_7
Depths:4: evilmike_silver_temple, abyss_entry_crystal, grunt_hell_entry_dis_mu,
          serial_shops, nicolae_shop_stone, infiniplex_staircase_split_hallway
Depths:5: grunt_zot_entry_hairpin, grunt_metal_band, serial_co_window_serial,
          co_window_corner_a, co_window_corner_a, co_window_corner_a,
          co_window_of_opportunity_a, co_window_paths_b, co_window_broadway_a,
          co_window_cross_2, co_window_corner_b, co_window_2corner,
          co_window_of_opportunity_c, glass_columns_a, glass_columns_a
Abyss:1:  hangedman_abyss_or_decor_clamps
Bazaar:   bazaar_long_row
Sewer:    sewer_frog_island_01
Ossuary:  ossuary_the_hunt_dpeg
IceCv:    ice_cave_small_dragons
Volcano:  volcano_lake
WizLab:   wizlab_iskenderun

Skill      XL: |  1  2  3  4  5  6  7  8  9 10 11 12 13 14 15 16 17 18 19 20 21 22 23 24 25 26 |
---------------+-------------------------------------------------------------------------------+-----
Axes           | 4 5 6 7 8 10 12 13 14 15 16 17 19 20 21 22 23 25 26 27 | 27.0
Fighting       | 4 5 6 7 9 10 12 13 14 16 18 19 20 21 22 23 24 25 26 27 | 27.0
Armour         | 3 4 6 7 9 10 11 13 14 15 16 17 18 19 20 21 22 24 | 24.0
Throwing       | 4 6 8 9 10 11 12 13 14 15 16 | 16.1
Dodging        | 9 10 12 14 16 18 | 18.1
Evocations     | 4 6 8 10 11 12 | 12.0
Crossbows      | 2 |  2.5
Slings         | 8 |  8.0
Invocations    | 5 |  5.9

Action                   |  1- 3 |  4- 6 |  7- 9 | 10-12 | 13-15 | 16-18 | 19-21 | 22-24 | 25-27 || total
-------------------------+-------+-------+-------+-------+-------+-------+-------+-------+-------++-------
Melee: Hand axe          |    86 |   135 |       |       |       |       |       |       |       ||   221
       Headbutt          |    12 |    22 |    52 |    90 |   220 |   290 |   307 |   358 |   256 ||  1607
       Battleaxe         |       |    17 |   274 |   140 |       |       |       |       |       ||   431
       Executioner's axe |       |       |       |   388 |   796 |  1074 |  1086 |  1308 |   879 ||  5531
       Morningstar       |       |       |       |       |    19 |       |       |       |       ||    19
       Great mace        |       |       |       |       |     5 |       |       |       |       ||     5
 Fire: Arbalest          |       |       |       |       |       |       |       |       |    25 ||    25
Throw: Tomahawk          |       |       |       |    35 |    26 |       |       |       |       ||    61
       Javelin           |       |       |       |       |    19 |   130 |    57 |   164 |    30 ||   400
Invok: Berserk           |     1 |     6 |     5 |    14 |    14 |    17 |    11 |    11 |     3 ||    82
       Trog's Hand       |     1 |       |     2 |     4 |     7 |     1 |       |     2 |       ||    17
       Brothers in Arms  |       |       |       |     7 |     5 |    14 |     8 |    13 |     9 ||    56
       Divine Shield     |       |       |       |       |       |       |       |       |     3 ||     3
       Cleansing Flame   |       |       |       |       |       |       |       |       |     1 ||     1
Evoke: Wand              |       |       |       |     4 |     4 |       |       |       |     1 ||     9
  Use: Scroll            |       |     5 |     6 |    15 |    17 |     9 |    15 |     8 |    15 ||    90
       Potion            |       |       |       |       |       |     1 |     7 |       |    11 ||    19
 Stab: Distracted        |       |       |       |       |       |       |     4 |     5 |       ||     9
       Invisible         |       |       |       |       |       |       |       |       |     2 ||     2
  Eat: Chunk             |     2 |    10 |    11 |    36 |    58 |    14 |    28 |    31 |     6 ||   196
       Ration            |       |     1 |     2 |     3 |     3 |    20 |    10 |    14 |     9 ||    62
Armor: Animal skin       |    11 |       |       |       |       |       |       |       |       ||    11
       Plate armour      |    24 |   105 |   187 |   465 |   763 |  1042 |   411 |       |       ||  2997
       Ice dragon scales |       |       |       |       |     3 |       |       |       |       ||     3
       Gold dragon scale |       |       |       |       |       |       |   622 |   920 |   558 ||  2100
Dodge: Dodged            |    48 |    57 |    83 |   293 |   431 |   789 |   726 |   636 |   491 ||  3554
Block: Other             |       |       |       |       |       |       |       |   183 |   251 ||   434
       Reflection        |       |       |       |       |       |       |       |    33 |    15 ||    48

Table legend:
 A = Spawn XP
 B = Non-spawn XP
 C = Spawn XP percentage of total XP
 D = Spawn monster count
 E = Non-spawn monster count
 F = Spawn count percentage of total count
 G = Total turns spent on level
                    A         B        C        D         E        F      G
               +---------+---------+-------+---------+---------+-------+---------
         Total |   51745 | 1447100 |   3.5 |      85 |    2535 |   3.2 | 95271
               +---------+---------+-------+---------+---------+-------+---------
           D:1 |       0 |      50 |   0.0 |       0 |      25 |   0.0 |   932
           D:2 |       0 |     268 |   0.0 |       0 |      33 |   0.0 |   896
           D:3 |       0 |     174 |   0.0 |       0 |      20 |   0.0 |   744
           D:4 |       0 |     452 |   0.0 |       0 |      33 |   0.0 |  1399
           D:5 |       0 |    1279 |   0.0 |       0 |      32 |   0.0 |   928
           D:6 |       0 |    2477 |   0.0 |       0 |      22 |   0.0 |   896
           D:7 |       0 |    1091 |   0.0 |       0 |      23 |   0.0 |  1106
           D:8 |       0 |    3442 |   0.0 |       0 |      49 |   0.0 |  1497
           D:9 |       0 |    4029 |   0.0 |       0 |      35 |   0.0 |   956
          D:10 |       0 |    5041 |   0.0 |       0 |      39 |   0.0 |   686
          D:11 |       0 |    4801 |   0.0 |       0 |      38 |   0.0 |  1555
          D:12 |       0 |    6323 |   0.0 |       0 |      24 |   0.0 |  1691
          D:13 |       0 |    2356 |   0.0 |       0 |      12 |   0.0 |   938
          D:14 |       0 |   14202 |   0.0 |       0 |      43 |   0.0 |  1456
          D:15 |       0 |   14314 |   0.0 |       0 |      29 |   0.0 |  2044
        Lair:1 |       0 |    5662 |   0.0 |       0 |      44 |   0.0 |  1339
        Lair:2 |       0 |    6384 |   0.0 |       0 |      31 |   0.0 |  2194
        Lair:3 |       0 |    8335 |   0.0 |       0 |      24 |   0.0 |  1409
        Lair:4 |       0 |    3774 |   0.0 |       0 |      20 |   0.0 |  1765
        Lair:5 |       0 |   11587 |   0.0 |       0 |      37 |   0.0 |  1945
        Lair:6 |       0 |   19517 |   0.0 |       0 |      54 |   0.0 |  2418
       Swamp:1 |       0 |    5766 |   0.0 |       0 |      18 |   0.0 |   937
       Swamp:2 |       0 |   14365 |   0.0 |       0 |      35 |   0.0 |  1717
       Swamp:3 |       0 |    9441 |   0.0 |       0 |      28 |   0.0 |  1251
       Swamp:4 |       0 |   35727 |   0.0 |       0 |      94 |   0.0 |  1705
       Snake:1 |       0 |   19672 |   0.0 |       0 |      38 |   0.0 |  3031
       Snake:2 |       0 |   24178 |   0.0 |       0 |      45 |   0.0 |  2992
       Snake:3 |       0 |   40505 |   0.0 |       0 |      67 |   0.0 |  4074
       Snake:4 |       0 |   77316 |   0.0 |       0 |     115 |   0.0 |  3403
         Orc:1 |       0 |    3991 |   0.0 |       0 |      36 |   0.0 |   758
         Orc:2 |       0 |   21338 |   0.0 |       0 |      93 |   0.0 |  2181
         Elf:1 |       0 |   31214 |   0.0 |       0 |      52 |   0.0 |  1558
         Elf:2 |       0 |   49696 |   0.0 |       0 |      64 |   0.0 |  2427
         Elf:3 |       0 |   81764 |   0.0 |       0 |      80 |   0.0 |  2141
      Vaults:1 |       0 |   47527 |   0.0 |       0 |      74 |   0.0 |  2167
      Vaults:2 |       0 |   62291 |   0.0 |       0 |      98 |   0.0 |  2634
      Vaults:3 |       0 |   52388 |   0.0 |       0 |      75 |   0.0 |  2552
      Vaults:4 |       0 |   82113 |   0.0 |       0 |      78 |   0.0 |  3016
      Vaults:5 |       0 |  180411 |   0.0 |       0 |     166 |   0.0 |  3827
       Crypt:1 |       0 |   36034 |   0.0 |       0 |      53 |   0.0 |   876
       Crypt:2 |       0 |   33253 |   0.0 |       0 |      57 |   0.0 |   532
      Depths:1 |       0 |   43783 |   0.0 |       0 |      71 |   0.0 |  2362
      Depths:2 |       0 |  114399 |   0.0 |       0 |      90 |   0.0 |  5442
      Depths:3 |       0 |   47905 |   0.0 |       0 |      48 |   0.0 |  1818
      Depths:4 |       0 |   48084 |   0.0 |       0 |      56 |   0.0 |  3470
      Depths:5 |       0 |   79064 |   0.0 |       0 |      68 |   0.0 |  2783
       Abyss:1 |   15261 |   17041 |  47.2 |      20 |      32 |  38.5 |   681
       Abyss:2 |    8211 |    3987 |  67.3 |      18 |       9 |  66.7 |   483
       Abyss:3 |   28273 |   24721 |  53.4 |      47 |      28 |  62.7 |   811
         Sewer |       0 |      77 |   0.0 |       0 |      17 |   0.0 |   586
       Ossuary |       0 |     370 |   0.0 |       0 |      15 |   0.0 |   468
         IceCv |       0 |    5274 |   0.0 |       0 |      20 |   0.0 |   565
       Volcano |       0 |    6583 |   0.0 |       0 |      13 |   0.0 |   404
        WizLab |       0 |   31264 |   0.0 |       0 |      35 |   0.0 |  2375
               +---------+---------+-------+---------+---------+-------+---------
